 Dungeon Crawl Stone Soup version 0.23-a0-445-g768d57b (webtiles) character file.

23 sl00ts the Skirmisher (level 2, 0/21 HPs)
             Began as an Octopode Fighter on Nov 17, 2018.
             Slain by a kobold (1 damage)
             ... on level 1 of the Dungeon.
             The game lasted 00:01:08 (684 turns).

sl00ts the Skirmisher (Octopode Fighter)             Turns: 684, Time: 00:01:09

Health: 0/21       AC:  1    Str: 15    XL:     2   Next: 95%
Magic:  2/2        EV: 11    Int: 10    God:
Gold:   44         SH:  8    Dex: 11    Spells: 1/1 levels left

rFire    . . .     SeeInvis .   a - +0 long sword
rCold    . . .     Gourm    .   b - +0 shield
rNeg     . . .     Faith    .   (helmet restricted)
rPois    .         Spirit   .   (no amulet)
rElec    .         Reflect  .   (no ring)
rCorr    .         Harm     .   (no ring)
MR       .....                  (no ring)
Stlth    ++........             (no ring)
HPRegen  0.07/turn              (no ring)
MPRegen  0.08/turn              (no ring)
                                (no ring)
                                (no ring)

@: no status effects
A: almost no armour, stealthy swim, amphibious, 8 rings, constrict 8, camouflage
1, gelatinous body 1
a: no special abilities


You were on level 1 of the Dungeon.
You were not hungry.

You visited 1 branch of the dungeon, and saw 2 of its levels.

You collected 44 gold pieces.

Inventory:

Hand Weapons
 a - a +0 long sword (weapon)
Armour
 b - a +0 shield (worn)
Scrolls
 h - a scroll of fog {unknown}
Potions
 c - a potion of might
 e - 3 potions of brilliance {unknown}
 f - a potion of curing {unknown}
 g - a potion of flight {unknown}
Comestibles
 d - 4 rations


   Skills:
 * Level 3.5 Fighting
 + Level 2.3 Long Blades
 - Level 3.0 Dodging
 + Level 3.2 Shields


You had one spell level left.
You didn't know any spells.
Your spell library was empty.

Dungeon Overview and Level Annotations

Branches:
Dungeon (2/15)

Altars:


Innate Abilities, Weirdness & Mutations

You cannot wear most types of armour.
You are very stealthy in the water. (Stealth+)
You are amphibious.
You can wear up to eight rings at the same time.
You can use your tentacles to constrict eight enemies at once.
Your skin changes colour to match your surroundings (Stealth+).
Your rubbery body absorbs attacks. (AC +1, EV +1)


Message History

The adder bites you. The kobold hits you but does no damage.
The adder bites you.
* * * LOW HITPOINT WARNING * * *
You block the hobgoblin's attack.
You climb upwards.
There is a stone staircase leading down here.
You closely miss the adder. Your grab misses the adder.
The adder is heavily wounded.
You block the adder's attack. You block the kobold's attack.
The hobgoblin hits you with a cursed +0 club.
* * * LOW HITPOINT WARNING * * *
The adder closely misses you.
You riposte.
You closely miss the adder. You grab the adder.
The adder is heavily wounded.
That item cannot be evoked!
Unknown command.
Unknown command.
Unknown command.
You constrict the adder. The kobold hits you.
You die...

.......## #..........#
........# #.......)..#
........# #..........#
........# #..........#
........# ############
........########
.........#.....##
...............S##
##..)..........g@#
#.............K.#
#...............#
#.........(.....#
#.......(....##.###########
#............#.........P≈≈#
##.....[.........###.##P≈P#
##.....#....#...# #.##PP≈#
############.### #≈≈P##.#


You could see an adder, a hobgoblin and a kobold.

Vanquished Creatures
  A dart slug (D:1)
  A ball python (D:1)
  A bat (D:1)
  A giant cockroach (D:1)
  3 goblins (D:1)
  3 hobgoblins (D:1)
  2 jackals (D:1)
  A frilled lizard (D:1)
  3 kobolds (D:1)
  2 rats (D:1)
18 creatures vanquished.

Notes
Turn   | Place    | Note
-------+----------+-------------------------------------------
     0 | D:1      | sl00ts the Octopode Fighter began the quest for the Orb.
     0 | D:1      | Reached XP level 1. HP: 16/16 MP: 1/1
   107 | D:1      | Reached XP level 2. HP: 21/21 MP: 2/2
   683 | D:1      | HP: 1/21 [hobgoblin/cursed +0 club (5)]
   684 | D:1      | Slain by a kobold

Vault maps used:
D:1:      psy_arrival_conway
D:2:      xom_teletrap_fun, marbit_many_paths, kennysheep_flooded_box,
          st_stairs_5, dk_noncrumbling_3

Action                   || total
-------------------------++-------
Melee: Long sword        ||    35
       Constrict         ||    11
       Tentacles         ||     4
 Stab: Sleeping          ||     2
Armor: Skin              ||     9
Dodge: Dodged            ||    16
Block: Shield            ||    18
       Rpst.: Long sword ||     5

Table legend:
 A = Non-vault XP
 B = Vault XP
 C = Vault XP percentage of total XP
 D = Non-vault monster count
 E = Vault monster count
 F = Vault count percentage of total count
                 A         B        C        D         E       F
            +---------+---------+-------+---------+---------+-------
      Total |      33 |       0 |   0.0 |      18 |       0 |   0.0
            +---------+---------+-------+---------+---------+-------
        D:1 |      33 |       0 |   0.0 |      18 |       0 |   0.0
            +---------+---------+-------+---------+---------+-------
